 Dungeon Crawl Stone Soup version 0.22-b1-21-g5cfc168 (webtiles) character file.

69 tyranidshit the Skirmisher (level 4, -2/38 HPs)
             Began as a Demonspawn Abyssal Knight on Aug 5, 2018.
             Was a Believer of Lugonu.
             Killed by divine providence
             ... invoked by an orc priest
              (12 damage)
             ... on level 3 of the Dungeon.
             The game lasted 00:02:51 (1654 turns).

tyranidshit the Skirmisher (DsAK)                   Turns: 1654, Time: 00:02:51

Health: -2/38      AC:  4    Str: 14    XL:     4   Next: 2%
Magic:  5/5        EV: 11    Int: 13    God:    Lugonu [**....]
Gold:   136        SH:  0    Dex: 12    Spells: 3/3 levels left

rFire    . . .     SeeInvis .   a - +1 hand axe
rCold    . . .     Gourm    .   (no shield)
rNeg     . . .     Faith    .   b - +0 leather armour
rPois    .         Spirit   .   (no helmet)
rElec    .         Reflect  .   l - +0 cloak
rCorr    .         Harm     .   (no gloves)
MR       .....                  (no boots)
Stlth    ++........             (no amulet)
HPRegen  0.12/turn              (no ring)
MPRegen  0.09/turn              (no ring)

@: no status effects
A: claws 1, hooves 1, nightstalker 1
a: Depart the Abyss, Bend Space, Renounce Religion


You were on level 3 of the Dungeon.
You worshipped Lugonu.
Lugonu was pleased with you.
You were not hungry.

You visited 1 branch of the dungeon, and saw 3 of its levels.
You visited the Abyss 1 time.

You collected 136 gold pieces.

Inventory:

Hand Weapons
 a - a +1 hand axe (weapon)
Armour
 b - a +0 leather armour (worn)
 l - a +0 cloak (worn)
Scrolls
 d - 2 scrolls of identify
 f - a scroll of remove curse {unknown}
 g - a scroll of blinking {unknown}
 h - a scroll of fog {unknown}
 i - a scroll of immolation {unknown}
Potions
 e - a potion of curing
 j - a potion of mutation {unknown}
 k - a potion of lignification {unknown}
Comestibles
 c - a ration


   Skills:
 + Level 4.9 Fighting
 - Level 1.7 Axes
 - Level 1.7 Armour
 - Level 0.8 Dodging
 - Level 2.4 Invocations


You had 3 spell levels left.
You didn't know any spells.
Your spell library was empty.

Dungeon Overview and Level Annotations

Branches:
Dungeon (3/15)

Altars:


Innate Abilities, Weirdness & Mutations

You have sharp fingernails.
You have large cloven feet.
You are slightly more attuned to the shadows.


Message History

You barely resist. The orc hits you with a war axe!
You closely miss the orc. Your kick misses the orc. You hit the orc priest.
The orc priest hits you but does no damage.
The orc misses you.
You closely miss the orc. You kick the orc.
The orc is severely wounded.
You hit the orc priest.
The orc priest hits you with a short sword.
The orc hits you but does no damage.
The orc priest calls upon Beogh to heal the orc.
The orc's wounds heal themselves!
You barely miss the orc. You closely miss the orc priest.
The orc hits you but does no damage.
The orc priest hits you with a short sword.
You closely miss the orc. You barely miss the orc priest.
The orc hits you with a war axe!
* * * LOW HITPOINT WARNING * * *
The orc priest calls down the wrath of Beogh upon you.
Beogh smites you!
You die...

#######
+.....#
#.....#
#.....#
#.....#
#.@...#
#oo...#
#.....#
+.....#
##....#
#....#
#....#


You could see an orc priest and an orc.

Vanquished Creatures
  2 adders (D:2)
  A worm (D:2)
  2 leopard geckos (D:2)
  An orc (D:3)
  6 goblins
  8 hobgoblins
  6 kobolds
  2 quokkas (D:2)
  6 bats
  3 frilled lizards (D:1)
  8 rats
45 creatures vanquished.

Notes
Turn   | Place    | Note
-------+----------+-------------------------------------------
     0 | Abyss:1  | tyranidshit the Demonspawn Abyssal Knight began the quest for the Orb.
     0 | Abyss:1  | Reached XP level 1. HP: 18/18 MP: 2/2
    36 | Abyss:1  | Noticed a smoke demon
    37 | D:1      | Escaped the Abyss
   109 | D:1      | Reached * piety under Lugonu
   136 | D:1      | Gained mutation: You have sharp fingernails. [demonic ancestry]
   136 | D:1      | Reached XP level 2. HP: 20/24 MP: 3/3
   198 | D:1      | Reached skill level 4 in Fighting
   565 | D:2      | Gained mutation: You are slightly more attuned to the shadows. [demonic ancestry]
   565 | D:2      | Reached XP level 3. HP: 20/30 MP: 4/4
   631 | D:2      | Reached ** piety under Lugonu
   668 | D:2      | HP: 1/31 [hobgoblin/club (2)]
  1649 | D:3      | Gained mutation: You have large cloven feet. [demonic ancestry]
  1649 | D:3      | Reached XP level 4. HP: 33/38 MP: 5/5
  1654 | D:3      | Killed from afar by an orc priest

Skill      XL: |  1  2 |
---------------+-------+-----
Fighting       | 4 |  4.9
Axes           | |  1.7
Armour         | |  1.7
Dodging        | |  0.8
Invocations    | |  2.4

Action                   |  1- 3 |  4- 6 || total
-------------------------+-------+-------++-------
Melee: Hand axe          |   122 |     5 ||   127
       Kick              |       |     2 ||     2
Invok: Depart the Abyss  |     1 |       ||     1
  Use: Potion            |     3 |       ||     3
       Scroll            |     2 |       ||     2
 Stab: Sleeping          |     4 |       ||     4
  Eat: Ration            |     1 |       ||     1
Armor: Leather armour    |    25 |     2 ||    27
Dodge: Dodged            |    83 |     1 ||    84
